 Dungeon Crawl Stone Soup version 0.27-a0-1548-gf8a67e7463 (webtiles) character file.

Game seed: 11763009310218136212

0 Spaninq the Sneak (level 1, -1/18 HPs)
             Began as a Demonspawn Delver on July 13, 2021.
             Slain by a water moccasin zombie (3 damage)
             ... on level 4 of the Dungeon.
             The game lasted 00:00:32 (57 turns).

Spaninq the Sneak (Demonspawn Delver)                 Turns: 57, Time: 00:00:32

Health: -1/18      AC:  3    Str: 12    XL:     1   Next: 8%
Magic:  1/1        EV: 11    Int: 11    God:
Gold:   0          SH:  0    Dex: 14    Spells: 0/0 levels left

rFire    . . .     SeeInvis .   a - +0 falchion
rCold    . . .     Faith    .   (no shield)
rNeg     . . .     Spirit   .   b - +0 leather armour
rPois    .         Reflect  .   (no helmet)
rElec    .         Harm     .   (no cloak)
rCorr    .         Rampage  .   (no gloves)
Will     .....                  (no boots)
Stlth    ++........             (no amulet)
HPRegen  0.06/turn              (no ring)
MPRegen  0.07/turn              (no ring)

@: no status effects
A: no striking features
a: no special abilities


You were on level 4 of the Dungeon.
You visited 1 branch of the dungeon, and saw 2 of its levels.

Inventory:

Hand Weapons
 a - a +0 falchion (weapon)
Armour
 b - a +0 leather armour (worn)
Wands
 g - a wand of digging (3)
Scrolls
 c - a scroll of fog
 d - a scroll of magic mapping
 e - a scroll of fear
Potions
 f - a potion of haste


   Skills:
 + Level 3.0 Fighting
 * Level 1.8 Long Blades
 + Level 1.7 Dodging
 - Level 4.5 Stealth


You couldn't memorise any spells.
You didn't know any spells.
Your spell library was empty.

Dungeon Overview and Level Annotations

Branches:
Dungeon (5/15)
 Temple: D:4-7

Altars:


Message History

You hit the water moccasin zombie.
The water moccasin zombie is lightly damaged.
The water moccasin zombie closely misses you.
You hit the water moccasin zombie.
The water moccasin zombie is moderately damaged.
The water moccasin zombie bites you but does no damage.
You hit the water moccasin zombie.
The water moccasin zombie is moderately damaged.
The water moccasin zombie bites you.
The water moccasin zombie bites you but does no damage.
You closely miss the water moccasin zombie.
The water moccasin zombie is moderately damaged.
The kobold shouts!
The water moccasin zombie barely misses you.
Your leather armour prevents you from hitting the water moccasin zombie.
The water moccasin zombie is moderately damaged.
The water moccasin zombie bites you!
The water moccasin zombie closely misses you.
You riposte.
You completely miss the water moccasin zombie.
The water moccasin zombie is moderately damaged.
You hit the water moccasin zombie.
The water moccasin zombie is heavily damaged.
The water moccasin zombie bites you.
You hit the water moccasin zombie.
The water moccasin zombie is severely damaged.
The water moccasin zombie barely misses you.
You riposte.
You barely miss the water moccasin zombie.
The water moccasin zombie is severely damaged.
You barely miss the kobold. You hit the kobold.
You kill the kobold!
The water moccasin zombie bites you.
* * * LOW HITPOINT WARNING * * *
The water moccasin zombie closely misses you.
An iguana comes into view.
The iguana hisses angrily.
You hear a shout!
The water moccasin zombie bites you.
You die...

# ..... ..#
#.#...# #.#
##.#...###.#
#..........#
#..........#
..........#
#.#...# #)#
#####.#...###.#
#.@Z..........#
#.####.##.#####
#.####.##.#
#.#.......#
#l#.##.#### ..
#.# #. ..# ##
####


You could see an iguana and a water moccasin zombie.

Vanquished Creatures
  A kobold (D:4)
1 creature vanquished.

Notes
Turn   | Place    | Note
-------+----------+-------------------------------------------
     0 | D:5      | Spaninq the Demonspawn Delver began the quest for the Orb.
     0 | D:5      | Reached XP level 1. HP: 18/18 MP: 1/1
    31 | D:4      | Noticed a water moccasin zombie
    57 | D:4      | Noticed an iguana
    57 | D:4      | Slain by a water moccasin zombie

Illustrated notes

Levels and vault maps discovered:
D:4:      layout_loops_cross, uniq_eustachio
D:5:      layout_cave_pools, amcnicky_mini_pool_medium

Action                   || total
-------------------------++-------
Melee: Falchion          ||     9
Armor: Leather armour    ||     2
Dodge: Dodged            ||     5
       Rpst.: Falchion   ||     2

Table legend: (Time is in decaauts)
 A = Elapsed time spent in this place.
 B = Non-inter-level travel time spent in this place.
 C = Inter-level travel time spent in this place.
 D = Time resting spent in this place.
 E = Time spent auto-exploring this place.
 F = Levels seen in this place.
 G = Mean time per level.
                   A        B        C        D        E       F      G
               +--------+--------+--------+--------+--------+-----+--------+
         Total |     58 |     58 |      0 |      0 |      6 |   2 |   29.0 |
       Dungeon |     58 |     58 |      0 |      0 |      6 |   2 |   29.0 |
               +--------+--------+--------+--------+--------+-----+--------+

Top non-repeatable levels by time:
     D:4: 35 daAuts
     D:5: 23 daAuts
